[Event "*** Titled Tuesday Blitz"]
[Site "Chess.com"]
[Date "2020.12.29"]
[Round "8"]
[White "Keranke"]
[Black "FairChess_on_YouTube"]
[Result "0-1"]
[WhiteElo "2832"]
[BlackElo "3005"]
[TimeControl "180+1"]
[EndTime "11:26:43 PST"]
[Termination "FairChess_on_YouTube won by resignation"]

1. Nf3 Nf6 2. g3 b5 3. Bg2 Bb7 4. O-O e6 5. d4 c5 6. a4 b4 7. dxc5 Bxc5 8. a5 O-O 9. Nbd2 Na6 10. Nc4 Qe7 11. Bf4 d5 12. Nce5 Rac8 13. Nd3 Bd6 14. Bxd6 Qxd6 15. Nfe5 Rfd8 16. Qb1 Ne4 17. Rd1 Qc7 18.
Rc1 f6 19. Nf3 e5 20. Ra4 Bc6 21. Ra1 Bb5 22. Qa2 Kh8 23. Qb3 Bc4 24. Qa4 Rb8 25.
c3 bxc3 26. bxc3 Nac5 27. Nxc5 Nxc5 28. Qa3 Nb3 29. e3 Rb5 30. a6 Ra5 31. Qb2 Nxc1 32.
Qxc1 Rxa6 33. Rxa6 Bxa6 34. Qa3 Qd6 35. Qa5 Qb6 0-1

[Event "*** Titled Tuesday Blitz"]
[Site "Chess.com"]
[Date "2020.12.29"]
[Round "8"]
[White "TigrVShlyape"]
[Black "Bulldog167"]
[Result "1-0"]
[WhiteElo "2870"]
[BlackElo "2709"]
[TimeControl "180+1"]
[EndTime "11:26:44 PST"]
[Termination "TigrVShlyape won by checkmate"]

1. e4 e6 2. d4 d5 3. Nc3 Bb4 4. e5 c5 5. a3 Bxc3+ 6. bxc3 Ne7 7. Qg4 Qc7 8. Bd3 c4 9. Be2 Nf5 10. h4 Qa5 11. Bd2 Qa4 12. Bd1 Nc6 13. h5 h6 14.
Ne2 Bd7 15. Nf4 O-O-O 16. O-O f6 17. Ng6 Rhg8 18. Re1 Qa5 19. Qf4 fxe5 20. Nxe5 Nxe5 21. Qxe5 g6 22. Bf4 Bc6 23. Qxe6+ Bd7 24. Qe5 Bc6 25.
hxg6 Nd6 26. Bg4+ Kc7 27. Qe7+ Kb6 28. Bxd6 Qxc3 29. Bc7+ Ka6 30. Bxd8 Rxg6 31. Bf5 Rg5 32. Qe5 Rg8 33. Qc7 Ba4 34. Re6+ b6 35. Rxb6+ axb6 36. Qxb6# 1-0

[Event "*** Titled Tuesday Blitz"]
[Site "Chess.com"]
[Date "2020.12.29"]
[Round "8"]
[White "MaxLeto"]
[Black "Mambastik-Fantastic"]
[Result "1-0"]
[WhiteElo "2396"]
[BlackElo "2228"]
[TimeControl "180+1"]
[EndTime "11:26:46 PST"]
[Termination "MaxLeto won by resignation"]

1. g4 d5 2. Bg2 c6 3. g5 e6 4. d4 Be7 5. h4 h6 6. g6 fxg6 7. Qd3 Kf7 8. Nf3 Nd7 9. Rg1 Ngf6 10. Nc3 Qe8 11. Bh3 Nf8 12. Ne5+ Kg8 13. Bd2 Kh7 14. O-O-O a5 15. Rg2 Bd6 16. Nxg6 Nxg6 17. Rdg1 Rg8 18. Rxg6 Ne4 19. Nxe4 dxe4 20. Qxe4 Kh8 21.
Bxh6 Qf7 22. Bxg7+ Rxg7 23. Rxg7 Qxg7 24. Rxg7 Kxg7 25.
h5 Be7 26. Qg6+ Kh8 27. h6 1-0

[Event "*** Titled Tuesday Blitz"]
[Site "Chess.com"]
[Date "2020.12.29"]
[Round "8"]
[White "SanchezKelvin"]
[Black "maheswaran26"]
[Result "1-0"]
[WhiteElo "2436"]
[BlackElo "2235"]
[TimeControl "180+1"]
[EndTime "11:26:47 PST"]
[Termination "SanchezKelvin won on time"]

1. d4 Nf6 2. c4 g6 3. Nf3 Bg7 4. g3 O-O 5. Bg2 d6 6. O-O Nbd7 7. Nc3 e5 8. e4 c6 9. dxe5 dxe5 10. h3 Qc7 11. Be3 Re8 12. Qc2 Bf8 13. Rad1 a5 14. a4 Bc5 15. Qe2 Bxe3 16. Qxe3 b6 17. Nd2 Nc5 18.
f4 exf4 19. gxf4 Nh5 20. e5 f6 21. Rde1 fxe5 22. fxe5 Bf5 23. Nde4 Bxe4 24. Nxe4 Nxe4 25.
Bxe4 Kg7 26. Qc3 Qxe5 27. Qxe5+ Rxe5 28. Bxc6 Rxe1 29. Rxe1 Rd8 30. Bd5 Kf6 31. Re6+ Kg5 32. Rxb6 Re8 33. Re6 Rb8 34. Re2 Nf4 35. Rh2 Kh4 36.
Rd2 Kg3 37. Bg2 Re8 38. Rd1 Nxg2 39. c5 1-0

[Event "*** Titled Tuesday Blitz"]
[Site "Chess.com"]
[Date "2020.12.29"]
[Round "8"]
[White "sopo-tereladze"]
[Black "brunomorado"]
[Result "1-0"]
[WhiteElo "2288"]
[BlackElo "2394"]
[TimeControl "180+1"]
[EndTime "11:26:48 PST"]
[Termination "sopo-tereladze won by resignation"]

1. d4 d5 2. Nf3 Nf6 3. Bf4 Bf5 4. e3 e6 5. Bd3 Bg4 6. h3 Bh5 7. c3 Bd6 8. Qb3 Nbd7 9. Bxd6 cxd6 10. Qxb7 Bxf3 11.
gxf3 Rb8 12. Qa6 Rb6 13. Qa3 O-O 14. Nd2 e5 15. b3 Re8 16. O-O Qc8 17. Rac1 Nf8 18.
Kh2 e4 19. Be2 exf3 20. Bxf3 Ne4 21. Nxe4 dxe4 22. Bg2 d5 23. c4 dxc4 24. Rxc4 Qb8+ 25. Kh1 Ng6 26. Rfc1 Nh4 27. Qc5 Rg6 28. Qc8 Kf8 29. Qxb8 Rxb8 30. Bxe4 Rf6 31. Rc8+ Rxc8 32. Rxc8+ Ke7 33.
Rc7+ Kd6 34. Rc6+ Kd7 35. Rxf6 gxf6 36. Kh2 f5 37. Kg3 fxe4 38. Kxh4 1-0

[Event "*** Titled Tuesday Blitz"]
[Site "Chess.com"]
[Date "2020.12.29"]
[Round "8"]
[White "Alexey_Ustinov"]
[Black "CM_rui"]
[Result "0-1"]
[WhiteElo "2446"]
[BlackElo "2358"]
[TimeControl "180+1"]
[EndTime "11:26:50 PST"]
[Termination "CM_rui won by resignation"]

1. d4 Nf6 2. Nf3 e6 3. Bf4 d5 4.
e3 c5 5. c3 Nc6 6. Nbd2 Bd6 7.
Bg3 O-O 8. Ne5 Bxe5 9. dxe5 Nd7 10. f4 f6 11. Bh4 Qb6 12. exf6 Nxf6 13. Qb3 Qc7 14. Be2 Kh8 15. O-O b6 16. Nf3 Ne4 17.
Rad1 Bb7 18. Bb5 c4 19. Qc2 Ne7 20. Qe2 Nf5 21. Bf2 Nxf2 22. Rxf2 Qc5 23. Bd7 Nxe3 24. Re1 Ng4 25. Bxe6 Qxf2+ 26. Qxf2 Nxf2 27. Kxf2 Rxf4 28. Kg3 Raf8 29. Re5 Re4 30. Rxe4 dxe4 31. Ng5 h6 32. Nf7+ Kh7 33. Bxc4 e3 34. Nd6 Bc6 35. Bd3+ g6 36.
Nc4 Bb5 37. b3 Rd8 38. Be2 Bxc4 0-1

[Event "*** Titled Tuesday Blitz"]
[Site "Chess.com"]
[Date "2020.12.29"]
[Round "8"]
[White "lelajavakhishvili"]
[Black "jacky72"]
[Result "0-1"]
[WhiteElo "2510"]
[BlackElo "2780"]
[TimeControl "180+1"]
[EndTime "11:26:53 PST"]
[Termination "jacky72 won by checkmate"]

1. d4 Nf6 2. c4 g6 3. Nf3 Bg7 4. g3 O-O 5. Bg2 d6 6. O-O Nc6 7. Nc3 Bf5 8. d5 Na5 9. Nd2 c5 10. e4 Bd7 11. Rb1 a6 12. b3 b5 13. Bb2 Rb8 14.
Ba1 e5 15. h3 Ne8 16. f4 f5 17. Ne2 fxe4 18. fxe5 Rxf1+ 19. Qxf1 dxe5 20. Nc3 Nd6 21. Ndxe4 Nxe4 22. Nxe4 bxc4 23. bxc4 Rxb1 24. Qxb1 Nxc4 25. Nxc5 Bb5 26. a4 Qc8 27. Ne6 Bxa4 28. Qb4 Bd7 29. Nxg7 Kxg7 30. Qe7+ Kg8 31. d6 Qc5+ 32. Kh2 Qxd6 33.
Qd8+ Kg7 34. Bc3 a5 35. Bxa5 Nxa5 36. Qxa5 h5 37. Qd8 Qe6 38. h4 e4 39. Bf1 e3 40.
Kg1 Bc6 41. Qd4+ Kh7 42. Bc4 e2 43. Bxe6 e1=Q+ 44. Kh2 Qh1# 0-1

[Event "*** Titled Tuesday Blitz"]
[Site "Chess.com"]
[Date "2020.12.29"]
[Round "8"]
[White "Roza_Idrisova"]
[Black "dosto07"]
[Result "1/2-1/2"]
[WhiteElo "2170"]
[BlackElo "2279"]
[TimeControl "180+1"]
[EndTime "11:26:53 PST"]
[Termination "Game drawn by agreement"]

1. d4 d5 2. Nf3 Nf6 3. Bg5 Ne4 4.
Bf4 c5 5. c3 Nc6 6. e3 Qb6 7. Qb3 c4 8. Qxb6 axb6 9. Nbd2 Bf5 10. a3 b5 11. Rc1 e6 12. Be2 Be7 13. h3 h6 14. g4 Bg6 15. Ne5 Nxe5 16. Bxe5 f6 17.
Bh2 h5 18. f3 Nxd2 19. Kxd2 hxg4 20. hxg4 Kd7 21. Bg3 Bd6 22. Bxd6 Kxd6 23. Rcg1 e5 24. f4 exf4 25. exf4 Be4 26. Rxh8 Rxh8 27. g5 f5 28. Rg3 Rh2 29. Ke3 b6 30. Bf3 Rxb2 31.
Bxe4 dxe4 32. Rh3 Rc2 33. Rh7 Rxc3+ 34. Ke2 Rf3 35. Rxg7 Rxf4 36. Rf7 Ke6 37. Rf6+ Kd5 38. Rxb6 Kxd4 39. Rxb5 Rf3 40. g6 f4 41. Rg5 Rxa3 42.
g7 Ra2+ 43. Ke1 Ra1+ 44. Kf2 e3+ 45. Kg2 e2 46. g8=Q e1=Q 47. Rd5+ Kc3 48. Qg7+ Kc2 49. Qg6+ Kc3 50. Qf6+ Kc2 51. Qf5+ Kc3 52. Qf6+ Kc2 53. Qf5+ Kc3 1/2-1/2

[Event "*** Titled Tuesday Blitz"]
[Site "Chess.com"]
[Date "2020.12.29"]
[Round "8"]
[White "Tagliata"]
[Black "MarcLonoff"]
[Result "1-0"]
[WhiteElo "2300"]
[BlackElo "2169"]
[TimeControl "180+1"]
[EndTime "11:26:54 PST"]
[Termination "Tagliata won on time"]

1. e4 e6 2. Nc3 d5 3. d4 Bb4 4. exd5 exd5 5. h3 Bf5 6. Bd3 Bxd3 7. Qxd3 Nf6 8. Nf3 O-O 9. O-O Bxc3 10. bxc3 Ne4 11. c4 c6 12. cxd5 cxd5 13. Rb1 b6 14. c4 Nc6 15. Ba3 Re8 16. Rfe1 Rc8 17.
c5 Qf6 18. cxb6 axb6 19. Rxb6 Ne5 20. Qb3 Nxf3+ 21. gxf3 Qg5+ 22. Kh2 Qf4+ 23. Kg2 1-0

[Event "*** Titled Tuesday Blitz"]
[Site "Chess.com"]
[Date "2020.12.29"]
[Round "8"]
[White "Schack-Hugo"]
[Black "Xeslu"]
[Result "0-1"]
[WhiteElo "2168"]
[BlackElo "2302"]
[TimeControl "180+1"]
[EndTime "11:26:55 PST"]
[Termination "Xeslu won by resignation"]

1. e4 c5 2. Nf3 Nc6 3. d4 cxd4 4.
Nxd4 Nf6 5. Nc3 d6 6. Bg5 e6 7. f4 Qb6 8. Nb3 h6 9. Bxf6 gxf6 10. Qd2 h5 11. O-O-O a6 12. Kb1 Be7 13. Bd3 Bd7 14. f5 Ne5 15. Ne2 Rc8 16. Ned4 h4 17. g3 h3 18. Rhg1 Nc4 19. Bxc4 Rxc4 20. Qd3 Qc7 21.
g4 a5 22. Nxa5 Rxd4 23. Qxd4 Qxa5 24. g5 Qe5 25. Qxe5 dxe5 26. g6 fxg6 27. fxg6 Bc6 28. g7 Rg8 29. Rd3 Bxe4 30. Rxh3 Kf7 31. Rhg3 f5 32.
Re3 Bc5 33. Ree1 Bxg1 34. Rxg1 Rxg7 35. Rd1 Kf6 36. Kc1 f4 37. c3 Rg2 38. Rd2 Rxd2 39.
Kxd2 Bd5 40. Ke2 Bxa2 41. b4 e4 42. Kf2 Bc4 0-1

[Event "*** Titled Tuesday Blitz"]
[Site "Chess.com"]
[Date "2020.12.29"]
[Round "8"]
[White "Training_Day"]
[Black "yuki_chess123"]
[Result "0-1"]
[WhiteElo "2378"]
[BlackElo "2218"]
[TimeControl "180+1"]
[EndTime "11:26:57 PST"]
[Termination "yuki_chess123 won by resignation"]

1. d4 g6 2. e4 Bg7 3. Nc3 c6 4. f4 d5 5. e5 Nh6 6. Nf3 f6 7. Be3 Bg4 8. Be2 O-O 9. O-O Nd7 10.
h3 Bxf3 11. Bxf3 Nf5 12. Bf2 fxe5 13. fxe5 e6 14. Ne2 Bh6 15. Qd3 c5 16. c3 c4 17.
Qc2 Ne3 18. Bxe3 Bxe3+ 19. Kh1 Qh4 20. Bg4 Rae8 21. Ng1 Kg7 22. Nf3 Qg3 23. Rae1 Bf4 24. Qf2 h5 25. Bxh5 Qxf2 26. Rxf2 Bg3 27. Ref1 Bxf2 0-1

[Event "*** Titled Tuesday Blitz"]
[Site "Chess.com"]
[Date "2020.12.29"]
[Round "8"]
[White "DanielNaroditsky"]
[Black "tigra"]
[Result "1/2-1/2"]
[WhiteElo "3120"]
[BlackElo "2865"]
[TimeControl "180+1"]
[EndTime "11:26:58 PST"]
[Termination "Game drawn by repetition"]

1. b3 d5 2. Bb2 Bf5 3. e3 e6 4. g4 Be4 5. Nf3 h5 6. g5 Ne7 7. Nc3 Nf5 8. g6 f6 9. d3 Bxf3 10. Qxf3 Nd7 11. O-O-O Ne5 12. Qg2 d4 13. exd4 Nxd4 14.
Qxb7 Rb8 15. Qa6 Nxg6 16. Ne4 Kf7 17. Qxa7 e5 18. Qa4 Rb4 19. Qa6 Nf4 20. c3 Rb6 21. Qc4+ Nde6 22. d4 exd4 23. Rxd4 Qa8 24. Qa4 Be7 25.
Qxa8 Rxa8 26. Bc4 Rxa2 27. Re1 Kg6 28. Rd7 Ba3 29. Bxa3 Ra1+ 30. Kd2 Ra2+ 31. Kc1 Ra1+ 32. Kd2 Ra2+ 33. Kc1 1/2-1/2

[Event "*** Titled Tuesday Blitz"]
[Site "Chess.com"]
[Date "2020.12.29"]
[Round "8"]
[White "JonahWillow"]
[Black "Alomaterapia"]
[Result "1-0"]
[WhiteElo "2716"]
[BlackElo "2517"]
[TimeControl "180+1"]
[EndTime "11:27:00 PST"]
[Termination "JonahWillow won by resignation"]

1. e4 e5 2. Nf3 Nc6 3. Nc3 Nf6 4. Bb5 Bd6 5. d3 h6 6. a3 O-O 7. g4 Nh7 8. h4 Nd4 9. Bc4 c6 10. g5 h5 11. g6 Nf6 12. Ng5 b5 13. Nxf7 Rxf7 14.
Bxf7+ Kf8 15. Bg5 Be7 16. Bxf6 Bxf6 17. Qxh5 Ke7 18. O-O-O a5 19. a4 Rb8 20. axb5 Nxb5 21. Nxb5 Rxb5 22. Bc4 Rb6 23. d4 Qc7 24. f4 d6 25. Qh8 d5 26. dxe5 Bxe5 27. fxe5 Qxe5 28. Bb3 Bg4 29. exd5 a4 30. Rhe1 Be2 31. d6+ Kd7 32.
Rxe2 Qf4+ 33. Kb1 1-0

[Event "*** Titled Tuesday Blitz"]
[Site "Chess.com"]
[Date "2020.12.29"]
[Round "8"]
[White "Chessbard1972"]
[Black "KaterinaMiroshnik"]
[Result "0-1"]
[WhiteElo "2331"]
[BlackElo "2546"]
[TimeControl "180+1"]
[EndTime "11:27:01 PST"]
[Termination "KaterinaMiroshnik won by checkmate"]

1. e4 e6 2. d3 d5 3. Nd2 Nf6 4. Ngf3 c5 5. g3 Nc6 6. Bg2 Be7 7. O-O O-O 8. Re1 b5 9. h4 a5 10. e5 Nd7 11. Nf1 Bb7 12. Bf4 Nb6 13. N1h2 d4 14. h5 Nd5 15. Ng4 Nxf4 16. gxf4 h6 17. Nd2 Qc7 18. Qf3 Nd8 19. Qg3 Bxg2 20. Qxg2 Nc6 21. Nxh6+ Kh8 22. Ng4 Nb4 23. Rec1 c4 24. Ne4 Rac8 25. a3 Nd5 26. Qg3 f5 27. exf6 gxf6 28.
dxc4 Nxf4 29. Qf3 f5 30. Nh6 fxe4 31. Qxe4 Nh3+ 32. Kg2 Rxf2+ 33. Kxh3 Qh2+ 34. Kg4 Qh4# 0-1

[Event "*** Titled Tuesday Blitz"]
[Site "Chess.com"]
[Date "2020.12.29"]
[Round "8"]
[White "esapunov"]
[Black "Ajedrez_con_German"]
[Result "1-0"]
[WhiteElo "2703"]
[BlackElo "2527"]
[TimeControl "180+1"]
[EndTime "11:27:02 PST"]
[Termination "esapunov won on time"]

1. c4 c5 2. Nf3 b6 3. Nc3 e6 4.
d4 cxd4 5. Nxd4 Bb7 6. Ndb5 d6 7. Bf4 e5 8. Bg3 a6 9. Na3 Nf6 10. Nc2 Be7 11. e4 Nxe4 12. Qf3 Nc5 13. Qg4 O-O 14. Ne3 g6 15. Qd1 Nbd7 16. Be2 Nf6 17. O-O Rc8 18. Rc1 Qd7 19. Bf3 Bxf3 20. Qxf3 Ne6 21. Ncd5 Nxd5 22. Nxd5 Nd4 23. Qd3 Rc6 24. f4 Nf5 25. fxe5 Nxg3 26. hxg3 Qe6 27. exd6 Bxd6 28. Rce1 Bc5+ 29. Kh2 Qg4 30. Re4 Qg5 31. Qf3 Re6 32. Rh4 f5 33. b4 Rfe8 34. bxc5 1-0

[Event "*** Titled Tuesday Blitz"]
[Site "Chess.com"]
[Date "2020.12.29"]
[Round "8"]
[White "albi1999"]
[Black "ShapkinAnatoliy"]
[Result "0-1"]
[WhiteElo "2534"]
[BlackElo "2710"]
[TimeControl "180+1"]
[EndTime "11:27:03 PST"]
[Termination "ShapkinAnatoliy won by resignation"]

1. d4 Nf6 2. c4 g6 3. g3 c5 4. Nf3 cxd4 5. Nxd4 Nc6 6. Bg2 Bg7 7. Nc3 O-O 8. O-O Qa5 9. e3 d6 10. Nxc6 bxc6 11. Bxc6 Rb8 12. Bg2 Be6 13. Nd5 Nxd5 14. cxd5 Bd7 15. Bd2 Qa6 16. Bc3 Bxc3 17. bxc3 Rb2 18. a3 Rc8 19. Qc1 Rb3 20. e4 Rcxc3 21. Qf4 Rxa3 22. Rxa3 Rxa3 23. e5 Ra1 24. exd6 Rxf1+ 25. Bxf1 Qxd6 26. Qd4 a5 27. h4 h5 28. Bg2 a4 29. Qa7 a3 30. Qa5 Bf5 31. Bf3 Bd3 32.
Qc3 a2 33. Qa5 Bc4 34. Qa8+ Kg7 35. Qa5 Qf6 0-1

[Event "*** Titled Tuesday Blitz"]
[Site "Chess.com"]
[Date "2020.12.29"]
[Round "8"]
[White "anpospan"]
[Black "onnoelgersma"]
[Result "0-1"]
[WhiteElo "2317"]
[BlackElo "2434"]
[TimeControl "180+1"]
[EndTime "11:27:04 PST"]
[Termination "onnoelgersma won by checkmate"]

1. d4 d5 2. c4 e6 3. Nc3 Nf6 4. cxd5 exd5 5. Bg5 c6 6. e3 Bd6 7. Bd3 O-O 8. Nf3 Be6 9. O-O Nbd7 10. Qc2 h6 11. Bh4 Rc8 12. Bf5 Qe8 13. Rac1 a6 14. a3 g6 15. Bxe6 Qxe6 16. Bg3 Rfe8 17. Bxd6 Qxd6 18. b4 b5 19. Nd2 Nb6 20. Nb3 Nc4 21.
Ra1 Ng4 22. g3 h5 23. Nc5 h4 24. Nxa6 hxg3 25. hxg3 Ncxe3 26. fxe3 Rxe3 27. Ne2 Qe7 28. Rae1 Re8 29. Nc5 Qg5 30. Nd3 Qh5 31. Rf2 Nxf2 32.
Nef4 Qh1+ 33. Kxf2 Rf3# 0-1

[Event "*** Titled Tuesday Blitz"]
[Site "Chess.com"]
[Date "2020.12.29"]
[Round "8"]
[White "GMJustin"]
[Black "Michaelson_11"]
[Result "1-0"]
[WhiteElo "2306"]
[BlackElo "2192"]
[TimeControl "180+1"]
[EndTime "11:27:04 PST"]
[Termination "GMJustin won by checkmate"]

1. d4 Nf6 2. c4 g6 3. Nc3 Bg7 4.
e4 O-O 5. Nf3 d6 6. Be2 e5 7.
O-O exd4 8. Nxd4 c6 9. Bf4 Re8 10. f3 Nh5 11. Be3 Nd7 12. Qd2 Nc5 13. g4 Nf6 14. Rad1 Nfd7 15. b4 Ne6 16. Nxe6 Rxe6 17. f4 Qf6 18. e5 dxe5 19. f5 gxf5 20. gxf5 Nf8 21. fxe6 Qg6+ 22. Kh1 Bxe6 23. Rg1 Qf5 24. Bh6 Ng6 25. Qd8+ Rxd8 26. Rxd8+ Bf8 27. Rxf8# 1-0

[Event "*** Titled Tuesday Blitz"]
[Site "Chess.com"]
[Date "2020.12.29"]
[Round "8"]
[White "mat_kolosowski"]
[Black "NateSolon"]
[Result "0-1"]
[WhiteElo "2682"]
[BlackElo "2514"]
[TimeControl "180+1"]
[EndTime "11:27:08 PST"]
[Termination "NateSolon won by resignation"]

1. e4 c5 2. Nc3 d6 3. f4 g6 4. Nf3 Bg7 5. Bc4 Nc6 6. O-O e6 7. d3 Nge7 8. Qe1 O-O 9. f5 gxf5 10. Bb3 Nd4 11. Nxd4 cxd4 12. Ne2 fxe4 13. dxe4 Ng6 14. Ng3 Qh4 15. Bd2 Bd7 16. Qe2 Be5 17. Qf3 Rac8 18. Rf2 Kh8 19. a4 Bc6 20. Re1 f5 21.
Bxe6 fxe4 22. Qe2 Rxf2 23. Qxf2 Rf8 24. Qe2 e3 25. Bb4 Nf4 26. Qg4 Qxg4 27. Bxg4 Nxg2 28.
Rf1 Nf4 29. b3 Rg8 30. Bf5 h5 31. Rf3 0-1

[Event "*** Titled Tuesday Blitz"]
[Site "Chess.com"]
[Date "2020.12.29"]
[Round "8"]
[White "The_Machine04"]
[Black "azikom"]
[Result "0-1"]
[WhiteElo "2418"]
[BlackElo "2607"]
[TimeControl "180+1"]
[EndTime "11:27:08 PST"]
[Termination "azikom won by resignation"]

1. d4 d5 2. Bf4 c6 3. e3 Qb6 4. Nd2 Qxb2 5. Bd3 Nf6 6. Ne2 Qa3 7. O-O e6 8. Nf3 Nbd7 9. c4 Be7 10. c5 Qa5 11.
Qc2 h6 12. Rfb1 O-O 13. a4 Nh5 14. Be5 Nxe5 15. Nxe5 Nf6 16. g4 Nd7 17. f4 Nxe5 18. fxe5 b6 19. cxb6 axb6 20. Qxc6 Ba6 21. Bxa6 Qxa6 22.
Qb5 Bg5 23. Kf2 f6 24. exf6 Rxf6+ 25. Kg3 Bxe3 26. Qxa6 Rxa6 27. Rb3 Bf2+ 28. Kg2 Bh4 29. Kh3 Bg5 30. Kg3 Rf8 31. h4 Be7 32. Nf4 Bd6 33. Rf3 g5 34. hxg5 hxg5 0-1

[Event "*** Titled Tuesday Blitz"]
[Site "Chess.com"]
[Date "2020.12.29"]
[Round "8"]
[White "CHENNAIBOND"]
[Black "kinga2008"]
[Result "0-1"]
[WhiteElo "1574"]
[BlackElo "2162"]
[TimeControl "180+1"]
[EndTime "11:27:09 PST"]
[Termination "kinga2008 won by resignation"]

1. e4 g6 2. d4 Bg7 3. Nf3 d6 4. Bd3 Nf6 5. O-O O-O 6. Re1 e5 7. c3 exd4 8. cxd4 c5 9. d5 Nfd7 10. Nc3 Ne5 11. Bc2 Bg4 12. Bf4 Nxf3+ 13. gxf3 Bh3 14.
Bg3 Nd7 15. f4 Nf6 16. e5 Nh5 17. e6 Qf6 18. Ne4 Qxb2 19. Rb1 Qd4 20. Ng5 Qxd1 21.
Rbxd1 Nxg3 22. fxg3 Bg4 23. Rb1 Bc3 24. Rf1 fxe6 25.
dxe6 b6 26. Be4 Rae8 27. Bd5 Re7 28. Nf7 Bxe6 29. Bxe6 Rxe6 0-1

[Event "*** Titled Tuesday Blitz"]
[Site "Chess.com"]
[Date "2020.12.29"]
[Round "8"]
[White "biostatistician"]
[Black "esskeettit"]
[Result "1-0"]
[WhiteElo "2609"]
[BlackElo "2470"]
[TimeControl "180+1"]
[EndTime "11:27:14 PST"]
[Termination "biostatistician won by resignation"]

1. d4 Nf6 2. Nf3 d5 3. c4 e6 4. Bg5 Be7 5. e3 O-O 6. Nc3 h6 7. Bh4 b6 8. Bd3 Bb7 9. O-O Nbd7 10. Qe2 c5 11. Rad1 cxd4 12. exd4 Rc8 13. Ne5 dxc4 14. Bxc4 Re8 15. Nxf7 Qc7 16. Bxe6 Kh7 17. Bg3 Qc6 18. d5 Qc5 19. Bf5+ g6 20. Qd2 Bf8 21. Bd6 gxf5 22. Bxc5 Nxc5 23. Rfe1 Rxe1+ 24. Rxe1 Rc7 25. Nd8 Ba8 26.
Ne6 Rf7 27. Nxf8+ Rxf8 28. d6 Kg6 29. Re7 Rd8 30. Qf4 Nce4 31. Nxe4 Nxe4 32. Re6+ Nf6 33.
Rxf6+ Kxf6 34. Qh4+ Ke6 35. Qxd8 Kd5 36. Qxa8+ Kxd6 37. Qxa7 1-0

[Event "*** Titled Tuesday Blitz"]
[Site "Chess.com"]
[Date "2020.12.29"]
[Round "8"]
[White "pavelalexandru07"]
[Black "catzapto"]
[Result "1/2-1/2"]
[WhiteElo "2272"]
[BlackElo "2125"]
[TimeControl "180+1"]
[EndTime "11:27:18 PST"]
[Termination "Game drawn by repetition"]

1. e4 c5 2. Nf3 e6 3. d4 cxd4 4.
Nxd4 Nf6 5. Nc3 Bb4 6. e5 Nd5 7. Bd2 Nxc3 8. bxc3 Be7 9. Bd3 Nc6 10. Nxc6 bxc6 11. O-O Qc7 12. f4 g6 13. c4 d5 14.
Kh1 O-O 15. Qe2 Ba6 16. Be3 Rab8 17. Rab1 Rxb1 18. Rxb1 Rb8 19. Rd1 Qb7 20. cxd5 Bxd3 21. Qxd3 cxd5 22. c4 Rd8 23. cxd5 Rxd5 24. Qc2 Rxd1+ 25.
Qxd1 a5 26. h3 Qb5 27. Qc2 a4 28. Qc7 Bh4 29. Kh2 Qe2 30. Qc8+ Kg7 31. Qc3 Qxa2 32. Qd4 Qe2 33. f5 gxf5 34. Qxh4 Qxe3 35. Qf6+ Kg8 36.
Qd8+ Kg7 37. Qf6+ Kg8 38. Qd8+ Kg7 39. Qf6+ 1/2-1/2

[Event "*** Titled Tuesday Blitz"]
[Site "Chess.com"]
[Date "2020.12.29"]
[Round "8"]
[White "AlanZhang"]
[Black "DarZay"]
[Result "0-1"]
[WhiteElo "2132"]
[BlackElo "2105"]
[TimeControl "180+1"]
[EndTime "11:27:21 PST"]
[Termination "DarZay won on time"]

1. e4 c5 2. Nf3 d6 3. d4 cxd4 4. Nxd4 Nf6 5. Nc3 Nc6 6. Bc4 e5 7. Nde2 Be7 8. O-O O-O 9. a3 a6 10. h3 b5 11. Ba2 Bb7 12. Ng3 Nd4 13. Be3 Qb6 14. Nf5 Qd8 15. Nxd4 exd4 16. Qxd4 Rc8 17. Rad1 Kh8 18. Bf4 Rc6 19. Rfe1 Nh5 20. Bh2 Bf6 21. e5 dxe5 22. Qxd8 Bxd8 23. Rxe5 Rg6 24. Bd5 Bxd5 25.
Rexd5 Bg5 26. Ne4 f5 27. Nxg5 Rxg5 28. h4 Rg4 29. Rxf5 Nf6 30. Bd6 Rd8 31. Rd2 Kg8 32. g3 Ne4 33. Rd4 Rxd6 0-1

[Event "*** Titled Tuesday Blitz"]
[Site "Chess.com"]
[Date "2020.12.29"]
[Round "8"]
[White "Everyfishknows"]
[Black "Matols"]
[Result "1-0"]
[WhiteElo "2398"]
[BlackElo "2271"]
[TimeControl "180+1"]
[EndTime "11:27:22 PST"]
[Termination "Everyfishknows won by resignation"]

1. d4 Nf6 2. c4 e6 3. Nc3 Bb4 4. Qc2 d5 5. cxd5 exd5 6. Bg5 h6 7. Bh4 g5 8. Bg3 Ne4 9. e3 c6 10. Bd3 Nxg3 11. hxg3 Be6 12. Ne2 Nd7 13. O-O-O Qa5 14. Kb1 O-O-O 15. Nc1 Kb8 16. Nb3 Qc7 17. Rc1 Rc8 18.
Na4 h5 19. a3 Bd6 20. Ka2 h4 21. gxh4 gxh4 22. Nbc5 Nxc5 23. Nxc5 Bxc5 24. Qxc5 Rcg8 25. Bf1 Bf5 26. b4 Qb6 27. Qd6+ Ka8 28. Qf4 Be4 29.
f3 Bg6 30. Rxh4 Rxh4 31. Qxh4 a5 32. Qe7 axb4 33. axb4 Kb8 34. Kb2 Bf5 35. Qe5+ Kc8 36. Qxf5+ Kb8 37. Qf4+ Kc8 38. Qd6 1-0

[Event "*** Titled Tuesday Blitz"]
[Site "Chess.com"]
[Date "2020.12.29"]
[Round "8"]
[White "elextranjero00"]
[Black "eightbyeightchess"]
[Result "1-0"]
[WhiteElo "2599"]
[BlackElo "2372"]
[TimeControl "180+1"]
[EndTime "11:27:23 PST"]
[Termination "elextranjero00 won on time"]

1. e4 e6 2. d4 d5 3. Nd2 Nf6 4. e5 Nfd7 5. f4 c5 6. c3 Nc6 7. Ndf3 cxd4 8. cxd4 Qb6 9. g3 f6 10. Ne2 Bb4+ 11. Kf2 O-O 12. Kg2 g5 13. a3 Be7 14.
exf6 Bxf6 15. fxg5 Bg7 16. Nf4 Nxd4 17. Nxd4 Bxd4 18.
Bd3 Ne5 19. Bc2 Rf7 20. Re1 Bd7 21. Ra2 Rc8 22. b3 Ng6 23. Bxg6 hxg6 24. Bb2 e5 25.
Bxd4 exd4 26. Rae2 Rcf8 27. Re7 Bc6 28. Qd3 1-0

[Event "*** Titled Tuesday Blitz"]
[Site "Chess.com"]
[Date "2020.12.29"]
[Round "8"]
[White "GM_LOADING"]
[Black "theturtlemoves"]
[Result "1-0"]
[WhiteElo "2507"]
[BlackElo "2366"]
[TimeControl "180+1"]
[EndTime "11:27:25 PST"]
[Termination "GM_LOADING won on time"]

1. d4 d5 2. c4 e6 3. Nc3 a6 4. cxd5 exd5 5. Bf4 Nf6 6. e3 Bd6 7. Bxd6 Qxd6 8. Bd3 O-O 9. Nge2 Re8 10. O-O Nbd7 11.
Nf4 c6 12. Nce2 Nf8 13. Ng3 Ng6 14. Bxg6 hxg6 15. Rc1 Bg4 16. Qb3 Bd7 17. Nd3 g5 18.
Nc5 Rab8 19. Qb6 Bc8 20. a4 g6 21. a5 Kg7 22. Qb4 Qc7 23. Nd3 Rh8 24. Ne5 Ng4 25.
Nf3 f6 26. Qb6 Qxb6 27. axb6 Be6 28. b4 Nh6 29. Ne1 Nf7 30. Nd3 Nd6 31. Nc5 Bc8 32. Ne2 Nc4 33. Na4 Bg4 34. Nec3 Rh7 35. f3 Be6 36.
Nc5 Bf7 37. N3a4 1-0

[Event "*** Titled Tuesday Blitz"]
[Site "Chess.com"]
[Date "2020.12.29"]
[Round "8"]
[White "ChronicUnhappiness"]
[Black "djano"]
[Result "0-1"]
[WhiteElo "2328"]
[BlackElo "2455"]
[TimeControl "180+1"]
[EndTime "11:27:25 PST"]
[Termination "djano won by resignation"]

1. c4 g6 2. Nc3 Bg7 3. e4 c5 4.
f4 Nc6 5. Nf3 e6 6. d3 Nge7 7.
Be2 d5 8. e5 O-O 9. O-O f6 10.
exf6 Bxf6 11. Kh1 Nf5 12. Bd2 Ncd4 13. Ne5 b6 14. cxd5 exd5 15. Bg4 Be6 16. Ne2 Bxe5 17.
Bxf5 Bxf5 18. fxe5 Bg4 19. Bh6 Rxf1+ 20. Qxf1 Bxe2 21. Qf2 Bg4 22. Rf1 Qe7 23. Qg3 Bf5 24. Bg5 Qe6 25. Bf6 Rf8 26. Qg5 Bxd3 27. Rf4 Nf5 28. Rf3 Be4 29. Rh3 d4 30. Kg1 d3 31.
g4 d2 32. Qxd2 Nd4 33. Qh6 Qxg4+ 34. Kf2 Qe2+ 35. Kg3 Nf5+ 0-1